 Dungeon Crawl Stone Soup version 0.28-b1-38-gff268fdeb9 (webtiles) character file.

Game seed: 17565335168659623710

8381 4FPSwarrior the Fighter (level 11, -12/89 HPs)
             Began as a Mummy Gladiator on Feb 3, 2022.
             Was a Priest of Makhleb.
             Mangled by a komodo dragon (29 damage)
             ... on level 11 of the Dungeon.
             The game lasted 00:23:14 (12583 turns).

4FPSwarrior the Fighter (Mummy Gladiator)          Turns: 12583, Time: 00:23:14

Health: -12/89     AC:  8    Str: 20    XL:     11   Next: 9%
Magic:  23/23      EV: 12    Int:  8    God:    Makhleb [***...]
Gold:   486        SH: 10    Dex: 15    Spells: 26/26 levels left

rFire   x . .      SeeInvis .   D - +2 war axe (vamp)
rCold   + . .      Faith    .   i - +0 buckler
rNeg    + + +      Spirit   .   C - +0 troll leather armour
rPois   ∞          Reflect  +   c - +0 helmet
rElec   .          Harm     .   t - +0 cloak
rCorr   .          Rampage  .   o - +0 pair of gloves
Will    +....                   e - +0 pair of boots
Stlth   +.........              g - amulet of reflection
HPRegen 1.04/turn               (no ring)
MPRegen 0.18/turn               (no ring)

@: no status effects
A: cold resistance 1, negative energy resistance 3, torment resistance 2, heat
vulnerability 1, no potions
a: Renounce Religion, Minor Destruction, Lesser Servant of Makhleb


You were on level 11 of the Dungeon.
You worshipped Makhleb.
Makhleb was most pleased with you.
You visited 2 branches of the dungeon, and saw 12 of its levels.

You collected 486 gold pieces.

Inventory:

Hand Weapons
 l - a +2 vampiric trident
 m - a +1 spear of venom
 v - a +3 war axe
 w - a +4 battleaxe
 D - a +2 vampiric war axe (weapon)
Missiles
 d - 3 throwing nets (quivered)
Armour
 b - a +0 leather armour
 c - a +0 helmet (worn)
 e - a +0 pair of boots (worn)
 f - a +0 scale mail
 i - a +0 buckler (worn)
 o - a +0 pair of gloves (worn)
 t - a +0 cloak (worn)
 C - a +0 troll leather armour (worn)
Jewellery
 g - an amulet of reflection (around neck)
 n - an amulet of regeneration
Wands
 y - a wand of acid (6)
 z - a wand of iceblast (6)
 A - a wand of flame (6)
Scrolls
 a - a scroll of summoning
 h - a scroll of silence
 j - 2 scrolls of teleportation
 k - a scroll of fear
 p - 2 scrolls of torment
 q - a scroll of magic mapping
 r - 2 scrolls of fog
 s - 3 scrolls of blinking
 u - 2 scrolls of amnesia
 x - a scroll of vulnerability
 B - 2 scrolls of immolation
 E - a scroll of identify


   Skills:
 * Level 9.2 Fighting
 + Level 6.7(7.4) Axes
 - Level 4.8(6.5) Polearms
 - Level 1.5 Throwing
 - Level 2.4 Dodging
 - Level 4.3 Shields
 - Level 8.4 Spellcasting
 + Level 6.2 Invocations


You had 26 spell levels left.
You didn't know any spells.
Your spell library contained the following spells:

 Spells                   Type           Power      Damage    Failure   Level
 Freeze                   Ice            12%        1d4       28%         1
 Sting                    Tmut/Pois      12%        1d3       28%         1
 Poisonous Vapours        Pois/Air       6%         N/A       41%         2
 Frozen Ramparts          Ice            6%         1d2       65%         3
 Hailstorm                Conj/Ice       3%         3d3       96%         4
 Olgreb's Toxic Radiance  Pois           3%         N/A       96%         4


Dungeon Overview and Level Annotations

Branches:
Dungeon (11/15)            Temple (1/1) D:4            Lair (0/6) D:11
    Orc (0/2) D:11

Altars:
Ashenzari
Cheibriados
Dithmenos
Elyvilon
Fedhas
Gozag
Hepliaklqana
Kikubaaqudgha
Makhleb
Nemelex Xobeh
Okawaru
Qazlal
Ru
Sif Muna
Trog
Uskayaw
Vehumet
Wu Jian
Xom
Yredelemnul
Zin
The Shining One

Annotations:
D:5 exclusion: 2 doors
D:7 2 transporters
D:10 Erica


Innate Abilities, Weirdness & Mutations

You are immune to poison.
Your flesh is cold resistant. (rC+)
You are immune to negative energy. (rN+++)
You are immune to unholy pain and torment.
You are vulnerable to heat. (rF-)
You do not drink.


Message History

Makhleb accepts your kill.
You hit the centaur. You slash the plant!
A nearby plant withers and dies. x2
The centaur hits you with a +0 short sword.
You block the centaur's attack.
You hit the centaur.
The centaur is moderately wounded.
You hit the plant.
The centaur hits you with a +0 short sword.
The centaur kicks you but does no damage.
You block the centaur's attack. The centaur barely misses you.
You slash the centaur!
The centaur is severely wounded.
You slash the plant!
A nearby plant withers and dies.
The centaur closely misses you. You block the centaur's attack.
The centaur closely misses you. x2
The bullfrog croaks.
You slash the centaur!
You feel better.
You kill the centaur!
Makhleb accepts your kill.
A water moccasin comes into view.
A black bear comes into view.
You slice the komodo dragon!!
The komodo dragon is heavily wounded.
The komodo dragon bites you!!
You barely miss the komodo dragon.
The komodo dragon is moderately wounded.
The komodo dragon misses you.
A scorpion comes into view.
You slash the komodo dragon!
The komodo dragon is severely wounded.
You hit the bullfrog.
You feel better. The komodo dragon barely misses you.
You block the bullfrog's attack. The komodo dragon bites you!!
You hit the komodo dragon but do no damage.
The komodo dragon is severely wounded.
You hit the water moccasin. You slash the bullfrog!
You feel better. You block the bullfrog's attack.
The water moccasin closely misses you. The bullfrog hits you.
The komodo dragon bites you!!
* * * LOW HITPOINT WARNING * * *
You block the water moccasin's attack. The komodo dragon bites you!!
You die...

,,,*
*,,,,,,***,,*****,,,,,,,,,,
,,,* *,,,,,,...(..#
******,,,,, ,***
*******#.....* *,,,** ,*
#....,* **#***,,,*
,*#########
#...,,***#..,,,,,,**
,*#.......#
#..,,*##....,,,,,,,*
,*#.#####.##
#.####......,,,,,,,, <,,,*
##...###†##...s.P..,,,,,,,,
*****
#....(.)).@Fh)P...P,,,,,,,,
##..<####..l).P.P..,,,,,,,,
##.## #..S...P...,,,,,,,,
### ##P..P...P.,>,,,,,,
#...PP..P.,,,,,,,,
#...PPP..P,,,,,,,,
#...PPP..P,,,,,,,,
###^..P...,,,,,,,,
*,,,,,,,,,,,,,,,


You could see a komodo dragon, a water moccasin, a black bear, a bullfrog and a
scorpion.

Vanquished Creatures
  A two-headed ogre (D:11)
  Joseph (D:10)
  A troll (D:9)
  Grinder (D:5)
  14 yaks
  4 water moccasins
  8 orc warriors
  3 black bears
  6 centaurs
  2 necrophages
  2 ogres
  2 phantoms
  3 kobold brigands
  3 bullfrogs
  2 scorpions
  A water moccasin zombie (D:5)
  2 wyvern skeletons (D:7)
  9 killer bees
  14 wights
  2 howler monkeys (D:7)
  A centaur zombie (D:6)
  6 hounds
  7 orc priests
  A bullfrog skeleton (D:5)
  3 iguanas
  9 orc wizards
  A howler monkey zombie (D:8)
  Robin (D:2)
  4 gnolls (D:4)
  6 adders
  A shadow imp (D:6)
  An adder skeleton (D:4)
  A dart slug (D:3)
  30 orcs
  5 bats
  An endoplasm (D:3)
  3 giant cockroaches
  8 goblins
  7 hobgoblins
  3 quokkas
  5 ball pythons
  4 frilled lizards (D:1)
  20 kobolds
  7 rats
216 creatures vanquished.

Vanquished Creatures (others)
  A kobold brigand (D:10)
  A kobold (D:8)
  21 fungi (D:11)
  63 plants
86 creatures vanquished.

Grand Total: 302 creatures vanquished

Notes
Turn   | Place    | Note
-------+----------+-------------------------------------------
     0 | D:1      | 4FPSwarrior the Mummy Gladiator began the quest for the
                  | Orb.
     0 | D:1      | Reached XP level 1. HP: 16/16 MP: 1/1
     3 | D:1      | Noticed an electric eel
     4 | D:1      | Noticed an electric eel
   243 | D:1      | Reached skill level 1 in Spellcasting
   256 | D:1      | Reached XP level 2. HP: 22/22 MP: 3/3
   437 | D:1      | Found a faded altar of an unknown god.
  1029 | D:2      | Noticed Robin
  1074 | D:2      | Reached XP level 3. HP: 28/28 MP: 5/5
  1157 | D:2      | Killed Robin
  1417 | D:2      | Found a stormy altar of Qazlal.
  1718 | D:3      | Reached skill level 1 in Shields
  1718 | D:3      | Reached XP level 4. HP: 12/34 MP: 7/7
  2465 | D:4      | Noticed a scorpion
  2475 | D:4      | Killed a scorpion
  2476 | D:4      | Reached skill level 3 in Fighting
  2476 | D:4      | Reached XP level 5. HP: 28/41 MP: 7/9
  2793 | D:4      | Reached skill level 1 in Polearms
  2827 | D:4      | Found a staircase to the Ecumenical Temple.
  2835 | Temple   | Entered the Ecumenical Temple
  2923 | Temple   | Became a worshipper of Makhleb the Destroyer
  3065 | D:4      | Reached XP level 6. HP: 47/47 MP: 10/10
  3731 | D:5      | Entered Level 5 of the Dungeon
  3761 | D:5      | Noticed Grinder
  3770 | D:5      | Paralysed by Grinder for 7 turns
  3782 | D:5      | Paralysed by Grinder for 2 turns
  3788 | D:5      | Killed Grinder
  3789 | D:5      | Reached skill level 1 in Invocations
  3789 | D:5      | Reached XP level 7. HP: 23/53 MP: 12/12
  4199 | D:5      | Reached skill level 4 in Fighting
  4957 | D:6      | Reached * piety under Makhleb
  4965 | D:6      | Reached XP level 8. HP: 55/61 MP: 13/15
  5071 | D:6      | Reached skill level 5 in Spellcasting
  6053 | D:5      | Reached skill level 5 in Fighting
  6987 | D:7      | Reached XP level 9. HP: 64/68 MP: 17/17
  7607 | D:7      | Reached skill level 5 in Axes
  7982 | D:7      | Found a transporter.
  7988 | D:7      | Noticed a smoke demon
  7989 | D:7      | Noticed an ancient zyme
  8393 | D:7      | Reached skill level 6 in Fighting
  8394 | D:7      | Reached ** piety under Makhleb
  8670 | D:7      | Found a transporter.
  9971 | D:8      | Found a sparkling altar of Nemelex Xobeh.
 10489 | D:9      | Reached XP level 10. HP: 39/77 MP: 20/20
 10516 | D:9      | Reached skill level 7 in Fighting
 10766 | D:9      | Reached skill level 5 in Invocations
 11269 | D:9      | Reached *** piety under Makhleb
 11556 | D:9      | Reached skill level 8 in Fighting
 11884 | D:10     | Entered Level 10 of the Dungeon
 12068 | D:10     | Noticed Erica
 12154 | D:10     | Noticed Joseph
 12173 | D:10     | Killed Joseph
 12526 | D:11     | Noticed a two-headed ogre
 12544 | D:11     | Killed a two-headed ogre
 12545 | D:11     | Reached skill level 9 in Fighting
 12545 | D:11     | Reached XP level 11. HP: 60/89 MP: 23/23
 12583 | D:11     | Mangled by a komodo dragon

Illustrated notes

Levels and vault maps discovered:
D:1:      arrival_aquarium_b, layout_loops_ring,
          dilly_ecumenical_altar_fadedgnrine
D:2:      layout_loops_ring, basic_altar, hangedman_abyss_or_decor_lesser_grid,
          kennysheep_boxes, uniq_robin
D:3:      layout_basic, small_statue_intersection
D:4:      layout_loops_cross, minmay_temple_entry_tees, serial_bayou_pond_a,
          kennysheep_cluttered_room
D:5:      kennysheep_big_flooded_room, layout_loops_ring, uniq_grinder
D:6:      layout_basic, chequers_serial_rivers_micro_a
D:7:      layout_layer_cave, gammafunk_ghost_abyssal_escape
D:8:      layout_gridville, nemelex_diamond_rough_becter
D:9:      layout_basic, minmay_between
D:10:     layout_layer_cave, serial_rivers, chequers_serial_rivers_room_a,
          chequers_serial_rivers_small_b, chequers_serial_rivers_small_b,
          chequers_serial_rivers_large_b, chequers_serial_rivers_small_a,
          uniq_erica, uniq_joseph
D:11:     layout_loops_cross, due_lair_maze_entry_diamond, david_orc_5,
          gammafunk_ghost_ooze, gauntlet_entry_generic, grunt_gozag_statues
Temple:   minmay_crystal_snake_temple

Skill      XL: |  1  2  3  4  5  6  7  8  9 10 |
---------------+-------------------------------+-----
Spellcasting   | 1 2 3 4 5 7 8 |  8.4
Shields        | 1 2 3 4 |  4.3
Axes           | 3 4 5 6 |  6.7
Fighting       | 3 4 5 6 9 |  9.2
Polearms       | 1 2 3 4 |  4.8
Invocations    | 1 2 3 4 6 |  6.2
Throwing       | |  1.5
Dodging        | |  2.4

Action                   |  1- 3 |  4- 6 |  7- 9 | 10-12 || total
-------------------------+-------+-------+-------+-------++-------
Melee: War axe           |   131 |    20 |   197 |   199 ||   547
       Punch             |     1 |       |       |       ||     1
       Trident           |       |   102 |    87 |       ||   189
       Spear             |       |       |   172 |    68 ||   240
Throw: Throwing net      |       |     1 |       |     1 ||     2
  Use: Scroll            |       |       |     9 |     5 ||    14
 Stab: Held in net/web   |       |       |       |     2 ||     2
Armor: Scale mail        |    59 |    26 |   129 |     3 ||   217
       Troll leather arm |       |       |       |    41 ||    41
Dodge: Dodged            |    84 |    42 |   180 |   128 ||   434
Block: Other             |     6 |       |       |       ||     6
       Buckler           |    62 |    45 |   230 |   158 ||   495
       Reflection        |     1 |     2 |     7 |     9 ||    19
